 Dungeon Crawl Stone Soup version 0.32-a0-42-ga30500b4d3 (webtiles) character file.

Game seed: 1645631101447043482

7 Ambrosia the Trooper (level 1, -3/18 HPs)
             Began as a Demonspawn Fighter on Feb 2, 2024.
             Slain by a gnoll
             ... wielding a +0 club
              (4 damage)
             ... on level 1 of the Dungeon.
             The game lasted 00:00:49 (586 turns).

Ambrosia the Trooper (Demonspawn Fighter)            Turns: 586, Time: 00:00:49

Health: -3/18      AC:  6    Str: 16    XL:     1   Next: 91%
Magic:  1/1        EV:  8    Int:  8    God:
Gold:   50         SH:  4    Dex: 12    Spells: 0/0 levels left

rFire   . . .        a - +0 war axe
rCold   . . .        c - +0 buckler
rNeg    . . .        b - +0 scale mail
rPois   .            (no helmet)
rElec   .            (no cloak)
rCorr   .            (no gloves)
SInv    .            (no boots)
Will    +....        (no amulet) Stlth
                     (no ring)
HPRegen 0.23/turn    (no ring)
MPRegen 0.07/turn

%: no passive effects
@: mighty, enlightened, flying
A: no striking features
a: no special abilities


You were on level 1 of the Dungeon.
You visited 1 branch of the dungeon, and saw 1 of its levels.

You collected 50 gold pieces.

Inventory:

Hand Weapons
 a - a +0 war axe (weapon)
Armour
 b - a +0 scale mail (worn)
 c - a +0 buckler (worn)
Scrolls
 e - 2 scrolls of identify {@r1}
 g - a scroll of immolation {!r}
Potions
 f - a potion of enlightenment


   Skills:
 + Level 3.1 Fighting
 + Level 1.9 Axes
 + Level 2.8 Armour
 * Level 2.9 Shields


You couldn't memorise any spells.
You didn't know any spells.
Your spell library was empty.

Dungeon Overview and Level Annotations

Branches:
Dungeon (1/15) Zot: 5400

Altars:


Message History

You feel strangely unstable.
It was a scroll of teleportation.
No target in view!
Your surroundings suddenly seem different.
No target in view!
e - a scroll labelled TOWNOE NUSHATE No target in view!
Found a stone staircase leading down.
No target in view!
A rat comes into view.
The rat squeaks loudly.
The rat bites you but does no damage.
A rat is nearby!
You completely miss the rat. You block the rat's attack.
A rat is nearby!
You slash the rat!
You kill the rat!
No target in view!
No target in view!
f - 2 purple potions No target in view!
You open the door.
There is an open door here.
e - 3 scrolls labelled TOWNOE NUSHATE (gained 2)
There is an open door here.
You now have 42 gold pieces (gained 17).
A kobold comes into view. It is wielding a +0 dagger.
A kobold is nearby!
The kobold throws a stone.
The stone hits you but does no damage.
A kobold is nearby!
A kobold is nearby!
You hit the kobold.
You kill the kobold!
g - a scroll labelled ZISTAEMOAG No target in view!
Key pressed, stopping explore.
No target in view!
There is an open door here.
You now have 50 gold pieces (gained 8).
An endoplasm comes into view.
The endoplasm quivers.
As you read the scroll labelled TOWNOE NUSHATE, it crumbles to dust.
It is a scroll of identify.
g - a scroll of immolation
Okay, then.
An endoplasm is nearby!
You hit the endoplasm.
The endoplasm hits you but does no damage.
You slash the endoplasm!
You kill the endoplasm!
No target in view!
h - a scroll labelled VAGAAWK DAONO
As you read the scroll labelled VAGAAWK DAONO, it crumbles to dust.
You hear a loud clanging noise!
It was a scroll of noise.
You hear a shout!
No target in view!
A gnoll comes into view. It is wielding a +0 club.
You see here 13 gold pieces.
A gnoll is nearby!
You closely miss the gnoll. The gnoll hits you but does no damage.
You hit the gnoll. The gnoll hits you with a +0 club!
You take 7 damage, and have 11/18 hp.
MASSIVE DAMAGE!!
You are too injured to fight recklessly!
You are too injured to fight recklessly!
Cleave: a) +0 war axe
Press: ? - help, Dir - move target, f - gnoll
Aim: a gnoll, wielding a +0 club (moderately wounded, about 42% to evade your +0 war axe)
You barely miss the gnoll. The gnoll hits you with a +0 club. x2
You take 2 damage, and have 9/18 hp.
Cleave: a) +0 war axe
Press: ? - help, Dir - move target, f/p - gnoll
Aim: a gnoll, wielding a +0 club (moderately wounded, about 42% to evade your +0 war axe)
You barely miss the gnoll. You block the gnoll's attack.
Cleave: a) +0 war axe
Press: ? - help, Dir - move target, f/p - gnoll
Aim: a gnoll, wielding a +0 club (moderately wounded, about 42% to evade your +0 war axe)
You barely miss the gnoll. The gnoll completely misses you.
The gnoll barely misses you.
Cleave: a) +0 war axe
Press: ? - help, Dir - move target, f/p - gnoll
Aim: a gnoll, wielding a +0 club (moderately wounded, about 42% to evade your +0 war axe)
You hit the gnoll but do no damage. The gnoll hits you with a +0 club!
* * * LOW HITPOINT WARNING * * *
You take 7 damage, and have 2/18 hp.
MASSIVE DAMAGE!!
Okay, then.
Okay, then.
It was a potion of enlightenment.
You feel very buoyant.
You fly up into the air.
The gnoll closely misses you.
Okay, then.
You feel very mighty all of a sudden. The gnoll hits you with a +0 club.
* * * LOW HITPOINT WARNING * * *
You take 1 damage, and have 1/18 hp.
Cleave: a) +0 war axe
Press: ? - help, Dir - move target, f/p - gnoll
Aim: a gnoll, wielding a +0 club (moderately wounded, about 42% to evade your +0 war axe)
You barely miss the gnoll. The gnoll hits you with a +0 club.
You die...

########################
................@g......
##################......
......# ..... #####.#
.... ....#.# ... ....#.#
#. [...#.# ###.#.# #
#.#.############


You could see a gnoll.

Vanquished Creatures
  An endoplasm (D:1)
  2 hobgoblins (D:1)
  A kobold (D:1)
  A bat (D:1)
  2 rats (D:1)
7 creatures vanquished.

Notes
Turn   | Place    | Note
-------+----------+-------------------------------------------
     0 | D:1      | Ambrosia the Demonspawn Fighter began the quest for the
                  | Orb.
     0 | D:1      | Reached XP level 1. HP: 18/18 MP: 1/1
   580 | D:1      | HP: 9/18 [gnoll/+0 club (2)]
   583 | D:1      | HP: 2/18 [gnoll/+0 club (8)]
   586 | D:1      | Slain by a gnoll

Illustrated notes

Levels and vault maps discovered:
D:1:      psy_arrival_terrarium, layout_basic,
          hellmonk_ecumenical_altar_heavens_door, grunt_decor_junction,
          hangedman_glass_teeth, hangedman_decor_lopped

Action                     || total
---------------------------++-------
  Melee: War axe           ||    30
    Use: Scroll            ||     3
         Potion            ||     2
 Armour: Scale mail        ||    24
  Dodge: Dodged            ||     8
  Block: Buckler           ||     8

Table legend: (Time is in decaauts)
 A = Elapsed time spent in this place.
 B = Non-inter-level travel time spent in this place.
 C = Inter-level travel time spent in this place.
 D = Time resting spent in this place.
 E = Time spent auto-exploring this place.
 F = Levels seen in this place.
 G = Mean time per level.
                   A        B        C        D        E       F      G
               +--------+--------+--------+--------+--------+-----+--------+
         Total |    598 |    598 |      0 |      0 |    517 |   1 |  598.0 |
       Dungeon |    598 |    598 |      0 |      0 |    517 |   1 |  598.0 |
               +--------+--------+--------+--------+--------+-----+--------+

Top non-repeatable levels by time:
     D:1: 598 daAuts

Levels and vault maps discovered:
D:1:      psy_arrival_terrarium, layout_basic,
          hellmonk_ecumenical_altar_heavens_door, grunt_decor_junction,
          hangedman_glass_teeth, hangedman_decor_lopped

Table legend: (Time is in decaauts)
 A = Elapsed time spent in this place.
 B = Non-inter-level travel time spent in this place.
 C = Inter-level travel time spent in this place.
 D = Time resting spent in this place.
 E = Time spent auto-exploring this place.
 F = Levels seen in this place.
 G = Mean time per level.
                   A        B        C        D        E       F      G
               +--------+--------+--------+--------+--------+-----+--------+
         Total |    598 |    598 |      0 |      0 |    517 |   1 |  598.0 |
       Dungeon |    598 |    598 |      0 |      0 |    517 |   1 |  598.0 |
               +--------+--------+--------+--------+--------+-----+--------+

Top non-repeatable levels by time:
     D:1: 598 daAuts

Table legend:
 A = Kills in this place as a percentage of kills in the entire game.
 B = Kills by you in this place as a percentage of kills by you in the entire game.
 C = Kills by friends in this place as a percentage of kills by friends in the entire game.
 D = Other kills in this place as a percentage of other kills in the entire game.
 E = Experience gained in this place as a percentage of experience gained in the entire game.
 F = Experience gained in this place divided by the number of levels of this place that you have seen.
                   A       B       C       D       E      F
               +-------+-------+-------+-------+-------+----------------------
         Total | 100.0 | 100.0 |   N/A |   N/A | 100.0 |  11.0
       Dungeon | 100.0 | 100.0 |   N/A |   N/A | 100.0 |  11.0
               +-------+-------+-------+-------+-------+----------------------
